 Dungeon Crawl Stone Soup version 0.30.1-3-gfc49f6343a (webtiles) character file.

Game seed: 12658688671221263402

60 hawla the Firebug (level 4, 0/33 HPs)
             Began as a Meteoran Fire Elementalist on Aug 2, 2023.
             Succumbed to a scorpion's poison
             ... on level 4 of the Dungeon.
             The game lasted 00:02:53 (288 turns).

hawla the Firebug (Meteoran Fire Elementalist)       Turns: 288, Time: 00:02:53

Health: 0/33       AC:  3    Str:  9    XL:     4   Next: 50%
Magic:  1/9        EV: 12    Int: 19    God:
Gold:   65         SH:  0    Dex: 14    Spells: 2/9 levels left

rFire   . . .        d - +3 spear
rCold   . . .        (no shield)
rNeg    . . .        a - +1 robe
rPois   .            (no helmet)
rElec   .            (no cloak)
rCorr   .            (no gloves)
SInv    .            (no boots)
Will    .....        (no amulet)
Stlth   +            (no ring)
HPRegen 0.25/turn    (no ring)
MPRegen 0.11/turn

%: no passive effects
@: brilliant, lethally poisoned (0 -> -7), attractive, hasted, glowing, very
quick
A: sense surroundings 1, otherworldly, glowing, explore regen
a: no special abilities


You were on level 4 of the Dungeon.
You visited 1 branch of the dungeon, and saw 4 of its levels.

You collected 65 gold pieces.

Inventory:

Hand Weapons
 d - a +3 spear (weapon)
Armour
 a - a +1 robe (worn)
Potions
 e - a potion of attraction


   Skills:
 - Level 0.2 Polearms
 - Level 2.8 Dodging
 - Level 1.4 Stealth
 - Level 3.2 Spellcasting
 + Level 2.3 Conjurations
 - Level 4.7 Fire Magic


You had 2 spell levels left.
You knew the following spells:

 Your Spells              Type           Power      Damage    Failure   Level
a - Foxfire               Conj/Fire      96%        2x1d8     3%          1
b - Scorch                Fire           62%        2d8       3%          2
c - Flame Wave            Conj/Fire      24%        2d8       34%         4

Your spell library contained the following spells:

 Spells                   Type           Power      Damage    Failure   Level
 Inner Flame              Hex/Fire       18%        N/A       17%         3
 Volatile Blastmotes      Fire/Tloc      36%        2d13      17%         3


Dungeon Overview and Level Annotations

Branches:
Dungeon (4/15) Zot: 2112
 Temple: D:4-7

Altars:


Innate Abilities, Weirdness & Mutations

You passively map a small area around you.
You are easily found by Zot.
You glow in the dark.
You regain HP and MP as you explore.


Message History

The scorpion is severely wounded.
You feel very sick. The scorpion stings you.
* * * LOW HITPOINT WARNING * * *
The scorpion stings you.
* * * LOW HITPOINT WARNING * * *
You feel much better.
You feel very sick. The scorpion stings you.
It was a potion of haste.
You feel yourself speed up.
You feel very sick. The scorpion closely misses you.
Casting: Foxfire (safe; 3% risk of failure)
Confirm with . or Enter, or press ? or * to list all spells.
You feel a surge of power!
You conjure some foxfire!
You feel sick. The scorpion stings you.
* * * LOW HITPOINT WARNING * * *
You are lethally poisoned!
The scorpion poisons you!
You hit the scorpion.
The scorpion is severely wounded.
* * * LOW HITPOINT WARNING * * *
You feel very sick.
The foxfire hits the scorpion.
The scorpion is almost dead.
The foxfire hits the scorpion but does no damage.
The scorpion is almost dead.
You hit the scorpion but do no damage.
The scorpion is almost dead.
* * * LOW HITPOINT WARNING * * *
You feel sick. The scorpion closely misses you.
Unknown command.
* * * LOW HITPOINT WARNING * * *
You feel sick. The scorpion stings you.
* * * LOW HITPOINT WARNING * * *
Things that are here:
a +0 dagger; a goblin corpse
* * * LOW HITPOINT WARNING * * *
You feel sick.
You die...

* , * , ,, ,
....# , , ,*
#...# , ....#
* * * #.#.# *
#.#.# *,* , #,
#.#.# ,
.####.####.#†#
*
.......@.s...#
*
#####.####.#.#
,* , # #.#.#
#.#.# , , ,
..#.# , *###.#
, * #.# * #.#
, #.#


You could see a scorpion.

Vanquished Creatures
  3 gnolls (D:3)
  2 adders
  3 orcs (D:4)
  An endoplasm (D:1)
  A ball python (D:1)
  A goblin (D:4)
  4 rats (D:3)
15 creatures vanquished.

Vanquished Creatures (others)
  32 foxfires
32 creatures vanquished.

Grand Total: 47 creatures vanquished

Notes
Turn   | Place    | Note
-------+----------+-------------------------------------------
     0 | D:1      | hawla the Meteoran Fire Elementalist began the quest for
                  | the Orb.
     0 | D:1      | Reached XP level 1. HP: 14/14 MP: 5/5
    46 | D:2      | Reached skill level 4 in Fire Magic
    46 | D:2      | Reached XP level 2. HP: 14/20 MP: 2/6
    49 | D:2      | Learned a level 2 spell: Scorch
   122 | D:3      | Reached XP level 3. HP: 26/26 MP: 0/8
   149 | D:3      | Reached XP level 4. HP: 15/33 MP: 9/9
   185 | D:3      | Learned a level 4 spell: Flame Wave
   262 | D:4      | Noticed a scorpion
   287 | D:4      | HP: 1/33 [poisoned by a scorpion]
   288 | D:4      | Succumbed to a scorpion's poison

Illustrated notes

Levels and vault maps discovered:
D:1:      scummos_arrival_star, layout_loops_ring, minmay_misc_feat_square
D:2:      layout_basic
D:3:      layout_basic, st_stairs_4
D:4:      layout_loops_ring, uniq_pikel

Skill      XL: |  1  2  3  4 |
---------------+-------------+-----
Fire Magic     | 4 |  4.7
Spellcasting   | 3 |  3.2
Conjurations   | 2 |  2.3
Polearms       | |  0.2
Dodging        | |  2.8
Stealth        | |  1.4

Action                     |  1- 3 |  4- 6 || total
---------------------------+-------+-------++-------
  Melee: Unarmed           |     2 |       ||     2
         Spear             |    18 |    11 ||    29
         Punch             |     1 |       ||     1
   Cast: Foxfire           |    10 |     7 ||    17
         Scorch            |     2 |     3 ||     5
         Flame Wave        |       |     1 ||     1
    Use: Potion            |     2 |     5 ||     7
         Scroll            |       |     2 ||     2
 Armour: Robe              |     2 |     8 ||    10
  Dodge: Dodged            |    15 |    10 ||    25
